[Event "Friday Night Engine Tour 9 rd Swiss 7m+1s Starts at 2200hrs ST"]
[Site "Infinity Chess"]
[Date "2018.4.27"]
[Round "3"]
[White "BlitzMaster"]
[Black "light"]
[Result "1/2-1/2"]
[ECO "C50"]
[WhiteElo "2529"]
[BlackElo "2499"]
[WhiteEngine "asmFishW_2018-04-11_popcnt"]
[BlackEngine "Cfish_x64_180418_ELTO_CTG"]
[EventType "Swiss"]
[WhiteTeam ""]
[BlackTeam ""]
[PlyCount "116"]
[TimeControl "420+1"]

1. e4 e5 2. Nf3 Nc6 3. Bc4 Bc5 4. O-O Nf6 5. d3 d6 6. c3 O-O 7. Bg5 a5 8. a4 h6 
9. Bh4 g5 10. Bg3 Kg7 11. Nbd2 Ba7 12. Nb3 Ne7 13. Re1 Nh5 14. d4 Nxg3 
15. hxg3 Ng6 16. Nh2 c6 17. Nf1 f5 18. exf5 Bxf5 19. Ne3 Qf6 20. Rf1 Bd7 
21. Be2 exd4 22. cxd4 Ne7 23. Bh5 Kh8 24. Qd3 Bb6 25. Rae1 Nf5 26. Bg4 Nxe3 
27. fxe3 Qg7 28. Bxd7 Qxd7 29. d5 Qh7 30. Qc3+ Qg7 31. Nd4 cxd5 32. Qb3 Bxd4 
33. exd4 Qxd4+ 34. Kh2 h5 35. Rd1 Qc4 36. Rf3 Qxb3 37. Rxb3 Rf5 38. Rxb7 Rc8 
39. g4 hxg4 40. Kg3 Kg8 41. Kxg4 Re5 42. g3 Rc4+ 43. Kh5 Rxa4 44. Ra7 Rae4 
45. Kg6 Re6+ 46. Kxg5 R4e5+ 47. Kf4 Rf6+ 48. Kg4 Re4+ 49. Kg5 Rf3 50. g4 Rff4 
51. Rxd5 Rxg4+ 52. Kf6 Ref4+ 53. Rf5 a4 54. Rxf4 Rxf4+ 55. Ke6 Rb4 56. Kxd6 Kf8 
57. Ra8+ Kf7 58. Kc5 Rxb2 1/2-1/2

[Event "Friday Night Engine Tour 9 rd Swiss 7m+1s Starts at 2200hrs ST"]
[Site "Infinity Chess"]
[Date "2018.4.27"]
[Round "3"]
[White "Dovahkiin"]
[Black "star99"]
[Result "1/2-1/2"]
[ECO "B32"]
[WhiteElo "2471"]
[BlackElo "2473"]
[WhiteEngine "BrainFish_180423_x64_modern_CTG"]
[BlackEngine "Cryptic Heroes 9.4B"]
[EventType "Swiss"]
[WhiteTeam ""]
[BlackTeam ""]
[PlyCount "135"]
[TimeControl "420+1"]

1. e4 c5 2. Nf3 Nc6 3. d4 cxd4 4. Nxd4 e5 5. Nb5 d6 6. N1c3 a6 7. Na3 b5 
8. Nd5 Nf6 9. Bg5 Be7 10. Bxf6 Bxf6 11. c3 O-O 12. Nc2 Be6 13. a4 bxa4 
14. Rxa4 a5 15. Bc4 Bg5 16. O-O Ne7 17. Nxe7+ Qxe7 18. Bxe6 Qxe6 19. Na3 Rfc8 
20. c4 Bd8 21. b3 Bb6 22. Nb5 Bc5 23. Qc2 Qd7 24. Rfa1 Bb4 25. Nc3 Qd8 
26. g3 Rcb8 27. Nb5 h5 28. h4 Qc8 29. Qe2 Qc6 30. Rd1 g6 31. Rd5 Re8 32. Kg2 Re6 
33. f3 Qc8 34. Qc2 Rb8 35. Qc1 Qd7 36. Ra2 Rf8 37. Re2 Kh7 38. Qe3 Qd8 
39. Kh3 Rg8 40. f4 Qd7 41. Kg2 exf4 42. gxf4 Qe7 43. Qa7 Qf6 44. Qf2 Bc5 
45. Qg3 Qe7 46. e5 f6 47. Qh3 fxe5 48. Nc7 Rf6 49. Rxc5 dxc5 50. Nd5 Qb7 
51. Qf3 Rf7 52. Nf6+ Kg7 53. Qxb7 Rxb7 54. Nxg8 Kxg8 55. Rxe5 Rxb3 56. Rxc5 a4 
57. f5 a3 58. fxg6 a2 59. Ra5 Rb2+ 60. Kf3 Kg7 61. Ke4 Kxg6 62. c5 Rh2 
63. c6 Rxh4+ 64. Kd3 a1=Q 65. Rxa1 Rf4 66. Rg1+ Kh6 67. Ra1 h4 68. Ra6 1/2-1/2

[Event "Friday Night Engine Tour 9 rd Swiss 7m+1s Starts at 2200hrs ST"]
[Site "Infinity Chess"]
[Date "2018.4.27"]
[Round "3"]
[White "Ryzen"]
[Black "Victorious"]
[Result "0-1"]
[ECO "D04"]
[WhiteElo "2474"]
[BlackElo "2502"]
[WhiteEngine "Houdini 6"]
[BlackEngine "CFish_260418_x64_N_pop_LTO_730mingw"]
[EventType "Swiss"]
[WhiteTeam ""]
[BlackTeam ""]
[PlyCount "158"]
[TimeControl "420+1"]

1. d4 d5 2. Nf3 Nf6 3. e3 c5 4. c4 e6 5. Nc3 a6 6. cxd5 exd5 7. Bd3 Nc6 
8. O-O Bg4 9. Be2 Rc8 10. b3 Bxf3 11. Bxf3 cxd4 12. exd4 Bb4 13. Qe2+ Ne7 
14. Na4 O-O 15. Bb2 Nf5 16. Qd3 Nh4 17. Be2 Re8 18. g3 Qe7 19. Bd1 Ne4 
20. Rc1 Rxc1 21. Bxc1 Qe6 22. Bc2 Bd6 23. f4 Nf5 24. Nc5 Qc8 25. Kg2 Bxc5 
26. dxc5 Qxc5 27. b4 Qc6 28. Bb3 d4 29. Kg1 h5 30. Re1 Re7 31. Qc4 Qg6 
32. Qc8+ Kh7 33. Qc2 Nexg3 34. Rxe7 Ne4+ 35. Kf1 Nxe7 36. Qd3 Qc6 37. Qc2 d3 
38. Qxc6 Nxc6 39. a3 Nd4 40. Bd5 f5 41. Bxb7 d2 42. Bxd2 Nxd2+ 43. Kf2 Ne4+ 
44. Ke3 Nc2+ 45. Kd3 Nxa3 46. Bxa6 Kg6 47. b5 Kf6 48. Kd4 Nc2+ 49. Kd3 Ne1+ 
50. Kc4 Ke7 51. Kd5 Nc2 52. Ke5 g6 53. b6 Nb4 54. Bb7 Nf6 55. Bh1 Nd3+ 
56. Kd4 Nxf4 57. Kc5 Nd7+ 58. Kc6 g5 59. b7 g4 60. Kb5 Kd6 61. Bc6 Nb8 
62. Bh1 h4 63. Kb4 g3 64. hxg3 hxg3 65. Kc3 Ke5 66. Kd2 g2 67. Bxg2 Nxg2 
68. Ke2 f4 69. Kf2 Nh4 70. Ke2 Ke4 71. Kf2 f3 72. Kg3 Ke3 73. Kxh4 f2 
74. Kg5 f1=Q 75. Kg6 Qf8 76. Kh7 Kf4 77. Kg6 Qe7 78. Kh6 Kf5 79. Kh5 Qg5# 0-1

[Event "Friday Night Engine Tour 9 rd Swiss 7m+1s Starts at 2200hrs ST"]
[Site "Infinity Chess"]
[Date "2018.4.27"]
[Round "3"]
[White "CoffeeOne"]
[Black "TasicV"]
[Result "1/2-1/2"]
[ECO "C50"]
[WhiteElo "2559"]
[BlackElo "2499"]
[WhiteEngine "cfish-2018-04-25-2"]
[BlackEngine "stockfish_18042414_x64_modern_CTG"]
[EventType "Swiss"]
[WhiteTeam ""]
[BlackTeam ""]
[PlyCount "241"]
[TimeControl "420+1"]

1. e4 e5 2. Nf3 Nc6 3. Bc4 Bc5 4. O-O Nf6 5. d3 a5 6. c3 d6 7. h3 O-O 8. Re1 h6 
9. Bb3 Ba7 10. Nbd2 b5 11. a4 b4 12. Bc4 Be6 13. Bb5 Ne7 14. d4 c6 15. Bf1 Ng6 
16. cxb4 exd4 17. b5 Rc8 18. bxc6 Qb6 19. Nc4 Qxc6 20. Na3 Nxe4 21. Nb5 Bc5 
22. Nfxd4 Qa8 23. Bd3 Bd5 24. Be3 Nf6 25. Bf1 Bb4 26. Bd2 Bc5 27. Kh2 Ne4 
28. Be3 Qb8 29. f3 Nf6 30. Rc1 Rce8 31. Bd2 Bb6 32. Bc3 Bb7 33. Qd2 d5+ 
34. Kg1 Rxe1 35. Rxe1 Qa8 36. Kh2 Nh5 37. b4 axb4 38. Bxb4 Rb8 39. g4 Nf6 
40. a5 Bd8 41. Bd3 Bc6 42. Kh1 Bd7 43. Nd6 Nh4 44. Rc1 Ng6 45. Re1 Nh4 
46. Rf1 Ng6 47. a6 Ne5 48. Be2 Be7 49. Bc5 Nc4 50. Bxc4 dxc4 51. a7 Bxd6 
52. Bxd6 Qxa7 53. Bxb8 Qxb8 54. Rc1 h5 55. Qh2 Qe8 56. Qf4 Qe7 57. Nc2 c3 
58. Qb8+ Kh7 59. Re1 Qc5 60. Kg2 Qc6 61. Nd4 Qc4 62. Qf4 c2 63. Rc1 Ba4 
64. Kf2 Kg8 65. Ne2 Qb3 66. Qe3 Qb8 67. Qf4 Qb3 68. Qd4 h4 69. Qd8+ Kh7 
70. Qd2 Nd5 71. Ra1 Bc6 72. Nd4 Qb8 73. Qxc2+ g6 74. Kg1 Qe5 75. Qf2 Nf4 
76. Re1 Qf6 77. Qe3 Nxh3+ 78. Kg2 Nf4+ 79. Kh2 g5 80. Qe5 Qd8 81. Kg1 Ng6 
82. Qc5 Bb7 83. Nf5 Qd2 84. Qe3 Qa5 85. Re2 Nf4 86. Rc2 Qb4 87. Kh2 Ne6 
88. Rf2 Bd5 89. Qe5 Qf4+ 90. Qxf4 Nxf4 91. Nd4 Kg6 92. Rf1 Ne6 93. Nf5 Kf6 
94. Kg2 Nf4+ 95. Kg1 Be6 96. Nd4 Ke5 97. Nxe6 Nxe6 98. Re1+ Kd4 99. Kf2 Nf4 
100. Kg1 Kd3 101. Kf2 Nh3+ 102. Kf1 f6 103. Re8 Kd4 104. Re4+ Kc3 105. Ke2 Nf4+ 
106. Ke3 Ng2+ 107. Kf2 Nf4 108. Re8 Kd2 109. Kg1 Kd3 110. Re1 Kd4 111. Ra1 Ke3 
112. Rf1 Nd3 113. Kh2 Nf2 114. Kg2 Nd3 115. Kh2 Nf4 116. Ra1 Kxf3 117. Ra6 Kxg4 
118. Rxf6 h3 119. Ra6 Kh5 120. Kg3 h2 121. Ra1 1/2-1/2

[Event "Friday Night Engine Tour 9 rd Swiss 7m+1s Starts at 2200hrs ST"]
[Site "Infinity Chess"]
[Date "2018.4.27"]
[Round "2"]
[White "Ryzen"]
[Black "Dovahkiin"]
[Result "1/2-1/2"]
[ECO "C26"]
[WhiteElo "2474"]
[BlackElo "2471"]
[WhiteEngine "Houdini 6"]
[BlackEngine "BrainFish_180423_x64_modern_CTG"]
[EventType "Swiss"]
[WhiteTeam ""]
[BlackTeam ""]
[PlyCount "99"]
[TimeControl "420+1"]

1. e4 e5 2. Nc3 Nf6 3. g3 d5 4. exd5 Nxd5 5. Nf3 Nc6 6. Bg2 Nxc3 7. bxc3 Bc5 
8. O-O O-O 9. Re1 Qf6 10. d3 Bb6 11. Be3 Ba5 12. Bd2 Re8 13. Nh4 Bb6 
14. Qf3 Qxf3 15. Bxf3 f6 16. a4 a5 17. Ng2 Bd7 18. Bd5+ Kh8 19. Be3 Bxe3 
20. Nxe3 Rad8 21. Bg2 Kg8 22. Red1 b6 23. d4 exd4 24. cxd4 Kf8 25. d5 Ne5 
26. d6 cxd6 27. Rxd6 Rb8 28. Be4 h5 29. f4 Nf7 30. Rxd7 Rxe4 31. Kf2 Rbe8 
32. Ra3 R8e6 33. Rb7 g5 34. Rc3 Nd6 35. Rb8+ Re8 36. Rxe8+ Kxe8 37. Rd3 gxf4 
38. Rxd6 fxe3+ 39. Ke2 Rxa4 40. Rxb6 Kf7 41. Kxe3 Ra1 42. Ra6 a4 43. c3 a3 
44. Kd3 f5 45. Ra7+ Ke6 46. Ra6+ Kd5 47. Ra5+ Ke6 48. Ra6+ Kd5 49. Ra5+ Ke6 
50. Ra6+ 1/2-1/2

[Event "Friday Night Engine Tour 9 rd Swiss 7m+1s Starts at 2200hrs ST"]
[Site "Infinity Chess"]
[Date "2018.4.27"]
[Round "2"]
[White "TasicV"]
[Black "star99"]
[Result "1-0 "]
[ECO "B30"]
[WhiteElo "2483"]
[BlackElo "2489"]
[WhiteEngine "stockfish_18042414_x64_modern_CTG"]
[BlackEngine "Cryptic Heroes 9.4B"]
[EventType "Swiss"]
[WhiteTeam ""]
[BlackTeam ""]
[PlyCount "183"]
[TimeControl "420+1"]

1. e4 c5 2. Nf3 Nc6 3. Nc3 e5 4. Bc4 d6 5. d3 Be7 6. Nd2 Nf6 7. Nf1 Bg4 
8. f3 Be6 9. Ne3 O-O 10. O-O Rc8 11. a4 Nb4 12. Bd2 Re8 13. Qe2 Nh5 14. g3 Bg5 
15. Ng4 Bxd2 16. Qxd2 a6 17. Rf2 Rb8 18. a5 Rc8 19. b3 Rb8 20. Kg2 Rc8 
21. Ne3 Nf6 22. Ncd5 Nbxd5 23. Bxd5 Bxd5 24. exd5 Nh5 25. b4 Rf8 26. Nc4 f5 
27. Nb6 Rc7 28. bxc5 Rxc5 29. Kh1 f4 30. g4 Nf6 31. c4 Rc7 32. Re1 g5 
33. Rfe2 Kh8 34. Rg2 h6 35. Qc1 Re8 36. Qb2 Qe7 37. Kg1 Qh7 38. Qa3 Rd8 
39. h3 h5 40. Ree2 Qg6 41. Rh2 Kg7 42. Na4 Kf7 43. Nb2 Re7 44. Nd1 Nd7 
45. Nf2 Nc5 46. Rb2 Red7 47. Qa1 Rc7 48. Qb1 Kf8 49. Rd2 Rdd7 50. Re2 Rc8 
51. gxh5 Qxh5 52. Rg2 Re8 53. Ng4 Qg6 54. h4 Ree7 55. h5 Qf5 56. Re1 Rd8 
57. Rd1 Rde8 58. h6 Rd8 59. Kf1 Rh7 60. Rh2 Re7 61. Kg2 Kg8 62. h7+ Kh8 
63. Rh3 Red7 64. Rh5 Rg7 65. Rh6 Qd7 66. Qb6 Na4 67. Qb3 Nc5 68. Qc3 Na4 
69. Qa3 Nc5 70. Rdh1 Qe7 71. Qc3 Na4 72. Qa1 Nc5 73. Qd1 Qc7 74. d4 Nd7 
75. Re1 Rc8 76. Qe2 Qxc4 77. Qxc4 Rxc4 78. Rxd6 Rxh7 79. dxe5 Rc2+ 80. Kg1 Nc5 
81. Nf2 Kg7 82. e6 Kf8 83. Rd8+ Ke7 84. Rc8 Kd6 85. Ne4+ Nxe4 86. Rxc2 Ng3 
87. Rh2 Rc7 88. Rh6 Re7 89. Rh8 Kxd5 90. Rd8+ Kc4 91. Rd7 Re8 92. Rc1+ 1-0

[Event "Friday Night Engine Tour 9 rd Swiss 7m+1s Starts at 2200hrs ST"]
[Site "Infinity Chess"]
[Date "2018.4.27"]
[Round "2"]
[White "Victorious"]
[Black "CoffeeOne"]
[Result "1/2-1/2"]
[ECO "C50"]
[WhiteElo "2500"]
[BlackElo "2561"]
[WhiteEngine "CFish_260418_x64_N_pop_LTO_730mingw"]
[BlackEngine "cfish-2018-04-25-2"]
[EventType "Swiss"]
[WhiteTeam ""]
[BlackTeam ""]
[PlyCount "55"]
[TimeControl "420+1"]

1. e4 e5 2. Nf3 Nc6 3. Bc4 Bc5 4. O-O Nf6 5. d3 d6 6. c3 O-O 7. h3 a5 
8. Nbd2 Ba7 9. Re1 Be6 10. Bb5 Ne7 11. d4 Ng6 12. Ba4 Nh5 13. Nf1 exd4 
14. cxd4 Nhf4 15. Bc2 d5 16. Bxf4 Nxf4 17. e5 f6 18. Qd2 fxe5 19. Rxe5 Bd7 
20. Rae1 c6 21. N1h2 Bb8 22. R5e3 Bc7 23. Qd1 a4 24. Ne5 Ba5 25. Rf1 Bc7 
26. Rfe1 Ba5 27. Rf1 Bc7 28. Rfe1 1/2-1/2

[Event "Friday Night Engine Tour 9 rd Swiss 7m+1s Starts at 2200hrs ST"]
[Site "Infinity Chess"]
[Date "2018.4.27"]
[Round "1"]
[White "star99"]
[Black "Ryzen"]
[Result "1/2-1/2"]
[ECO "B50"]
[WhiteElo "2490"]
[BlackElo "2473"]
[WhiteEngine "Cryptic Heroes 9.4B"]
[BlackEngine "Houdini 6"]
[EventType "Swiss"]
[WhiteTeam ""]
[BlackTeam ""]
[PlyCount "150"]
[TimeControl "420+1"]

1. e4 c5 2. Nf3 d6 3. Nc3 a6 4. g3 e5 5. d3 Be7 6. Bg2 Nf6 7. O-O O-O 8. a4 Nc6 
9. Nd5 Be6 10. Nh4 Bd7 11. Nxe7+ Qxe7 12. Nf5 Bxf5 13. exf5 h6 14. Re1 Rad8 
15. g4 Rfe8 16. Bd2 d5 17. f4 Qd7 18. g5 hxg5 19. fxg5 Nh7 20. f6 g6 21. h4 e4 
22. h5 Re5 23. hxg6 Nxg5 24. gxf7+ Qxf7 25. Qg4 Qe6 26. Qxe6+ Nxe6 27. dxe4 dxe4 
28. Bc3 Ned4 29. Rxe4 Rxe4 30. Bxe4 Kf7 31. Kf2 Re8 32. Re1 Kxf6 33. Bxc6 Rxe1 
34. Kxe1 bxc6 35. Kd2 Ke5 36. Kd3 Kd5 37. b3 Nf3 38. Bf6 Ne1+ 39. Kd2 Nf3+ 
40. Kc3 Ke6 41. Bg7 Kd5 42. Bf6 Ke6 43. Bg7 Kd5 44. Bh6 Ne5 45. Bf4 Ng4 
46. Bg3 Ne3 47. Kd3 Ng4 48. Kc3 Ne3 49. Kd3 Ng4 50. c4+ Ke6 51. Kc3 Nf6 
52. Kc2 Ne4 53. Bf4 Kf5 54. Be3 Ke6 55. Bf4 Kf5 56. Be3 Ke6 57. Kd3 Ke5 
58. Bc1 Nd6 59. Bb2+ Kf4 60. Bh8 Ne4 61. Bb2 Kf5 62. Bc3 Nxc3 63. Kxc3 a5 
64. Kd3 Kf4 65. Ke2 Ke4 66. Kd2 Ke5 67. Ke3 Kf5 68. Kd3 Kf4 69. Kd2 Ke4 
70. Ke2 Kd4 71. Kd2 Ke5 72. Kc3 Kf5 73. Kb2 Ke4 74. Kc2 Kd4 75. Kd2 Ke5 1/2-1/2

[Event "Friday Night Engine Tour 9 rd Swiss 7m+1s Starts at 2200hrs ST"]
[Site "Infinity Chess"]
[Date "2018.4.27"]
[Round "1"]
[White "TasicV"]
[Black "Victorious"]
[Result "1/2-1/2"]
[ECO "C50"]
[WhiteElo "2482"]
[BlackElo "2501"]
[WhiteEngine "stockfish_18042414_x64_modern_CTG"]
[BlackEngine "CFish_260418_x64_N_pop_LTO_730mingw"]
[EventType "Swiss"]
[WhiteTeam ""]
[BlackTeam ""]
[PlyCount "53"]
[TimeControl "420+1"]

1. e4 e5 2. Nf3 Nc6 3. Bc4 Bc5 4. O-O Nf6 5. d3 d6 6. c3 a5 7. Bg5 Ba7 
8. Nbd2 h6 9. Bh4 O-O 10. Re1 g5 11. Bg3 Nh7 12. h3 g4 13. hxg4 Bxg4 14. Kh1 Kh8 
15. d4 exd4 16. cxd4 Bxd4 17. Qb3 Bg7 18. Qxb7 Nb4 19. Rac1 Bxb2 20. Rb1 Bg7 
21. Rec1 Rb8 22. Qa7 c5 23. a3 Ra8 24. Qb7 Rb8 25. Qa7 Ra8 26. Qb7 Rb8 27. Qa7 
1/2-1/2

[Event "Friday Night Engine Tour 9 rd Swiss 7m+1s Starts at 2200hrs ST"]
[Site "Infinity Chess"]
[Date "2018.4.27"]
[Round "1"]
[White "CoffeeOne"]
[Black "Dovahkiin"]
[Result "1-0"]
[ECO "C50"]
[WhiteElo "2548"]
[BlackElo "2484"]
[WhiteEngine "cfish-2018-04-25-2"]
[BlackEngine "BrainFish_180423_x64_modern_CTG"]
[EventType "Swiss"]
[WhiteTeam ""]
[BlackTeam ""]
[PlyCount "171"]
[TimeControl "420+1"]

1. e4 e5 2. Nf3 Nc6 3. Bc4 Bc5 4. O-O Nf6 5. d3 d6 6. c3 O-O 7. h3 a5 8. Re1 h6 
9. Bb3 Bb6 10. Nbd2 Be6 11. Ba4 Nd7 12. Nf1 f5 13. exf5 Bxf5 14. d4 exd4 
15. cxd4 Kh8 16. Ng3 Bh7 17. Be3 Nb4 18. a3 Nd5 19. Bd2 Re8 20. Rxe8+ Qxe8 
21. Bc2 Bxc2 22. Qxc2 Qf7 23. Qd3 Nf8 24. Nh4 Ne6 25. Ngf5 Qf6 26. Qe4 c6 
27. Re1 Nxd4 28. Ne7 Nxe7 29. Qxe7 Qxe7 30. Rxe7 Ra7 31. Ng6+ Kg8 32. Rd7 d5 
33. Be3 Bc5 34. f4 Kh7 35. f5 Ra8 36. Kf2 b6 37. g4 a4 38. Nf4 Kh8 39. Ng6+ Kg8 
40. Kg2 Nc2 41. Bxc5 bxc5 42. Kg3 Nd4 43. Kh4 Nf3+ 44. Kh5 Ng5 45. h4 Nf7 
46. Nf4 Rd8 47. Re7 d4 48. Ne6 Rf8 49. Rd7 Rb8 50. Nxc5 Rd8 51. Rxd8+ Nxd8 
52. Nxa4 Nb7 53. g5 hxg5 54. Kxg5 d3 55. Kf4 d2 56. Nc3 Na5 57. Ke4 Kf7 
58. Kd3 Nb3 59. Nd1 Kf6 60. Ne3 Ke5 61. Nc4+ Kd5 62. Nxd2 Nc5+ 63. Kc2 Nd7 
64. b4 Ke5 65. a4 Kxf5 66. a5 Ke6 67. Kc3 Kd5 68. a6 Nb6 69. h5 Na8 70. Kd3 Ke6 
71. Nf3 Nb6 72. Nd4+ Kd6 73. Nf5+ Kc7 74. Nxg7 Nd7 75. Ne6+ Kd6 76. a7 Kd5 
77. Nc5 Ne5+ 78. Kc3 Kd6 79. a8=Q Ke7 80. Qa2 Kf6 81. Qe6+ Kg5 82. Qxe5+ Kh4 
83. Ne4 Kg4 84. Kd3 c5 85. Qg5+ Kf3 86. Qg3# 1-0

[Event "Monday 02 April Rapid Engine Tour 12+1 Rounds 9 Starts 1600ST"]
[Site "Infinity Chess"]
[Date "2018.4.2"]
[Round "9"]
[White "MGR"]
[Black "fati64"]
[Result "1/2-1/2 "]
[ECO "C55"]
[WhiteElo "2452"]
[BlackElo "2444"]
[WhiteEngine "asmFishW_2018-02-19_bmi2"]
[BlackEngine "S_XPrO .64"]
[EventType "Swiss"]
[WhiteTeam ""]
[BlackTeam ""]
[PlyCount "241"]
[TimeControl "720+1"]

1. e4 e5 2. Nf3 Nc6 3. Bc4 Nf6 4. d3 Bc5 5. O-O d6 6. Re1 Ng4 7. Re2 Na5 
8. Bb3 Nxb3 9. axb3 Nf6 10. c3 c6 11. Bg5 h6 12. Bh4 O-O 13. Nbd2 g5 14. Bg3 Nh5 
15. Re1 Nxg3 16. hxg3 Be6 17. b4 Bb6 18. Nc4 Qd7 19. Nh2 Kh7 20. Qe2 Rfe8 
21. Nxb6 axb6 22. Nf1 Kg7 23. Qe3 b5 24. f3 Rxa1 25. Rxa1 f5 26. exf5 Bxf5 
27. d4 g4 28. dxe5 dxe5 29. fxg4 Bxg4 30. Nd2 Bf5 31. Rf1 Bg6 32. Nf3 Qd3 
33. Qb6 Qd7 34. Nh4 Bh7 35. Qf2 Qe7 36. Qe2 Qg5 37. Qf3 Rg8 38. Kh2 Bc2 
39. Qe2 Bh7 40. Qd1 Kh8 41. Qe1 Qe7 42. Qe3 Qg5 43. Qf3 Bc2 44. Re1 Kh7 
45. Rh1 Kg7 46. Qe2 Kh8 47. Qf2 Bd3 48. Nf3 Qg7 49. Re1 e4 50. Nd4 Rf8 
51. Qe3 Qg6 52. g4 Kh7 53. Nf5 Rf7 54. Rh1 Qxg4 55. Qxh6+ Kg8 56. Ne3 Qg7 
57. Qh4 Qh7 58. Kg3 Rg7+ 59. Kf2 Rf7+ 60. Ke1 Qxh4+ 61. Rxh4 Kg7 62. Rg4+ Kf8 
63. Rg5 Rh7 64. Kf2 Rh1 65. Rf5+ Ke7 66. Kg3 Ke6 67. Rf2 Rh8 68. Rf4 Rh1 
69. Ng4 Re1 70. Rf2 Ra1 71. Kf4 Ra8 72. Ke3 Rg8 73. Rf4 Bb1 74. Kd4 Rd8+ 
75. Ke3 Rg8 76. Ke2 Bd3+ 77. Ke3 Bc2 78. Kd4 Rd8+ 79. Ke3 Rg8 80. Kd2 Bb1 
81. Ke3 Bd3 82. g3 Ke7 83. Kf2 Ra8 84. Nf6 Ra2 85. Ke3 Rxb2 86. Nxe4 Bxe4 
87. Rxe4+ Kd6 88. g4 Kd5 89. Kf3 Rb1 90. Rd4+ Ke5 91. Ke2 Rc1 92. Kd3 Re1 
93. Kc2 Rg1 94. Rd7 Rxg4 95. Rxb7 Kd5 96. Kb3 Rg3 97. Kb2 Kc4 98. Rc7 Kd5 
99. Rb7 Kd6 100. Kb3 Ke5 101. Kb2 Kd5 102. Kb3 Rg2 103. Rd7+ Ke6 104. Rb7 Rg3 
105. Kc2 Rg2+ 106. Kb3 Rg1 107. Rb6 Kd5 108. Ra6 Rg3 109. Ra7 c5 110. Re7 Kd6 
111. Rf7 c4+ 112. Kb2 Rg1 113. Rf5 Kc6 114. Rc5+ Kd6 115. Rxb5 Rg2+ 
116. Kb1 Rg1+ 117. Ka2 Rg2+ 118. Kb1 Rg1+ 119. Ka2 Rg2+ 120. Ka3 Rc2 121. Rc5 
1/2-1/2

[Event "Monday 02 April Rapid Engine Tour 12+1 Rounds 9 Starts 1600ST"]
[Site "Infinity Chess"]
[Date "2018.4.2"]
[Round "9"]
[White "Vimtiroba"]
[Black "KhalidOmar"]
[Result "1/2-1/2"]
[ECO "C26"]
[WhiteElo "2428"]
[BlackElo "2431"]
[WhiteEngine "SF9 ''A1a''_CTG"]
[BlackEngine "Eman 1.70-beta13 64-bit BMI2"]
[EventType "Swiss"]
[WhiteTeam ""]
[BlackTeam ""]
[PlyCount "94"]
[TimeControl "720+1"]

1. e4 e5 2. Nc3 Nf6 3. g3 d5 4. exd5 Nxd5 5. Nf3 Nc6 6. Bg2 Nxc3 7. bxc3 Bc5 
8. O-O O-O 9. d3 Re8 10. Ng5 f6 11. Ne4 Bb6 12. c4 Rb8 13. Bd2 Bd4 14. Rb1 Bf5 
15. g4 Bg6 16. h4 h6 17. Ng3 Qd7 18. Kh2 b6 19. Nf5 Ne7 20. Nxd4 exd4 21. h5 Bf7 
22. Re1 Nc6 23. f4 Rxe1 24. Bxe1 Re8 25. Qf3 Nd8 26. Bd2 Re7 27. Re1 Kf8 
28. Rxe7 Qxe7 29. f5 Be8 30. Kh3 Ba4 31. Qd5 Bxc2 32. Qxd4 Nf7 33. Bf4 Qe2 
34. Bxc7 Ng5+ 35. Kg3 Kg8 36. Bd5+ Kh7 37. Bf4 Bxd3 38. Qe3 Qf1 39. Qe8 Qh3+ 
40. Kf2 Qf1+ 41. Kg3 Ne4+ 42. Bxe4 Qe1+ 43. Kh3 Bxe4 44. Qg6+ Kh8 45. Qe8+ Kh7 
46. Qg6+ Kh8 47. Qe8+ Kh7 1/2-1/2

[Event "Monday 02 April Rapid Engine Tour 12+1 Rounds 9 Starts 1600ST"]
[Site "Infinity Chess"]
[Date "2018.4.2"]
[Round "9"]
[White "Dovahkiin"]
[Black "Thinker"]
[Result "1/2-1/2"]
[ECO "C50"]
[WhiteElo "2377"]
[BlackElo "2456"]
[WhiteEngine "BrainFish_180329_x64_modern_CTG"]
[BlackEngine "BrainFish_180329_x64_modern_CTG"]
[EventType "Swiss"]
[WhiteTeam ""]
[BlackTeam ""]
[PlyCount "79"]
[TimeControl "720+1"]

1. e4 e5 2. Nf3 Nc6 3. Bc4 Bc5 4. a4 Nf6 5. d3 O-O 6. c3 a5 7. O-O d6 8. Bg5 h6 
9. Bh4 Be6 10. Nbd2 Qe7 11. Re1 g5 12. Bg3 Ne8 13. Bxe6 fxe6 14. Nc4 Qf7 
15. Qb3 Rb8 16. Rf1 Ng7 17. Qb5 Qe8 18. Rad1 Nh5 19. d4 exd4 20. cxd4 Ba7 
21. Ne3 Rxf3 22. gxf3 Bxd4 23. Ng4 Qg6 24. Kg2 e5 25. Rh1 Kg7 26. Ne3 Kh8 
27. Nf5 Bc5 28. h3 Kh7 29. Qb3 Nf4+ 30. Kf1 Ne6 31. h4 Ned4 32. Nxd4 Nxd4 
33. Rxd4 Bxd4 34. hxg5 Qxg5 35. Qf7+ Qg7 36. Qf5+ Qg6 37. Qd7+ Qg7 38. Qf5+ Qg6 
39. Qd7+ Qg7 40. Qf5+ 1/2-1/2

[Event "Monday 02 April Rapid Engine Tour 12+1 Rounds 9 Starts 1600ST"]
[Site "Infinity Chess"]
[Date "2018.4.2"]
[Round "9"]
[White "Mr Aj"]
[Black "Gilgamesch"]
[Result "1/2-1/2"]
[ECO "A06"]
[WhiteElo "2435"]
[BlackElo "2462"]
[WhiteEngine "Houdini 6"]
[BlackEngine "BrainFish_180401_x64_bmi2"]
[EventType "Swiss"]
[WhiteTeam ""]
[BlackTeam ""]
[PlyCount "97"]
[TimeControl "720+1"]

1. Nf3 d5 2. d4 Nf6 3. c4 e6 4. Nc3 c6 5. Bg5 dxc4 6. e4 b5 7. e5 h6 8. Bh4 g5 
9. Nxg5 hxg5 10. Bxg5 Nbd7 11. exf6 Bb7 12. g3 c5 13. d5 Qb6 14. Bg2 O-O-O 
15. O-O b4 16. Rb1 Qa6 17. dxe6 Bxg2 18. e7 Bxf1 19. Kxf1 Bxe7 20. fxe7 Rdg8 
21. Ne4 Rxg5 22. Nxg5 Re8 23. Qd5 Rxe7 24. Kg1 f6 25. Nf3 Qb7 26. Qf5 Qe4 
27. Qxe4 Rxe4 28. h4 Kd8 29. Kf1 Ne5 30. Nd2 Rd4 31. Ke2 c3 32. bxc3 bxc3 
33. Nb3 Ra4 34. Nxc5 Rxa2+ 35. Ke3 Ng4+ 36. Kd3 Rxf2 37. Kxc3 Rf3+ 38. Kd4 Rxg3 
39. Kd5 Ke8 40. Ne4 Ra3 41. Rb7 Ra5+ 42. Nc5 Nh6 43. Ke6 Kd8 44. Rd7+ Kc8 
45. Kxf6 Rxc5 46. Rxa7 Kb8 47. Ra1 Rc6+ 48. Kg5 Nf7+ 49. Kf5 1/2-1/2

[Event "Monday 02 April Rapid Engine Tour 12+1 Rounds 9 Starts 1600ST"]
[Site "Infinity Chess"]
[Date "2018.4.2"]
[Round "9"]
[White "CrapCleaner"]
[Black "CoffeeOne"]
[Result "1/2-1/2"]
[ECO "B53"]
[WhiteElo "2410"]
[BlackElo "2466"]
[WhiteEngine "Raubfisch ME262_GTZ16e2_CTG"]
[BlackEngine "Houdini 6"]
[EventType "Swiss"]
[WhiteTeam ""]
[BlackTeam ""]
[PlyCount "128"]
[TimeControl "720+1"]

1. e4 c5 2. Nf3 d6 3. d4 cxd4 4. Qxd4 Nf6 5. Nc3 Nc6 6. Qd3 g6 7. Be2 Bg7 
8. O-O O-O 9. Rd1 Bg4 10. Nd5 Nd7 11. c3 Nde5 12. Nxe5 Nxe5 13. Qd2 Bxe2 
14. Qxe2 e6 15. Ne3 Qc7 16. Ng4 Nxg4 17. Qxg4 Rfd8 18. h4 Qc4 19. Qf3 Qb5 
20. Bg5 Rd7 21. Rd2 d5 22. a4 Qb3 23. Qe3 Qc4 24. h5 d4 25. cxd4 Bxd4 
26. Qh3 Qc6 27. Rad1 e5 28. Rd3 Rd6 29. Rc1 Qd7 30. Qxd7 Rxd7 31. Kf1 gxh5 
32. Bf6 Re8 33. b3 Rd6 34. Rg3+ Kf8 35. Bg7+ Ke7 36. Rc7+ Rd7 37. Rxd7+ Kxd7 
38. Rf3 Re7 39. Bf8 Re8 40. Bg7 Re7 41. Rf5 Ke8 42. Rxh5 Rc7 43. Rf5 Rc5 
44. g4 b5 45. f3 bxa4 46. bxa4 Ra5 47. Kg2 Rxa4 48. Bxe5 Bb6 49. Rh5 Ra5 
50. f4 Ra2+ 51. Kf3 Ra3+ 52. Kg2 Ra2+ 53. Kh3 Ra3+ 54. Kh4 Ra4 55. Rxh7 Rxe4 
56. Rh8+ Ke7 57. Kg5 a5 58. Ra8 a4 59. Kf5 Rc4 60. g5 Be3 61. Bf6+ Kd7 
62. Be5 Ke7 63. Bf6+ Kd6 64. Be5+ Ke7 1/2-1/2

[Event "Monday 02 April Rapid Engine Tour 12+1 Rounds 9 Starts 1600ST"]
[Site "Infinity Chess"]
[Date "2018.4.2"]
[Round "9"]
[White "hafaba"]
[Black "beka"]
[Result "1-0"]
[ECO "B92"]
[WhiteElo "2415"]
[BlackElo "2387"]
[WhiteEngine "Eman 1.70-beta13 64-bit POPCNT"]
[BlackEngine "stockfish_18032408_32bit"]
[EventType "Swiss"]
[WhiteTeam ""]
[BlackTeam ""]
[PlyCount "173"]
[TimeControl "720+1"]

1. e4 c5 2. Nf3 d6 3. d4 cxd4 4. Nxd4 Nf6 5. Nc3 a6 6. Be2 e5 7. Nb3 Be7 
8. Be3 Be6 9. Qd3 O-O 10. O-O Nc6 11. a3 Rc8 12. Bf3 Na5 13. Nxa5 Qxa5 
14. Qd2 Kh8 15. a4 Rc4 16. Rfd1 h6 17. Qe1 Rd8 18. h3 Kg8 19. Be2 Rcc8 
20. Bd2 Qc7 21. Bf3 Qd7 22. a5 Qe8 23. Rac1 Rc7 24. Nd5 Bxd5 25. exd5 Rdc8 
26. c3 Qb5 27. c4 Qxb2 28. Be2 Re8 29. Rb1 Qa2 30. Ra1 Qc2 31. Be3 Qf5 
32. Bb6 Rd7 33. Rdb1 Bd8 34. Be3 Rc7 35. Qb4 Be7 36. Bb6 Rcc8 37. Ba7 Qe4 
38. Bf1 Rc7 39. Bb6 Rd7 40. Ra3 Qh4 41. Qa4 Bf8 42. Rb4 Qh5 43. Rf3 Ree7 
44. Rxf6 gxf6 45. c5 dxc5 46. Rg4+ Kh7 47. Bxc5 f5 48. Bxe7 Rxe7 49. Rg3 f4 
50. Rg4 Qf5 51. d6 Re6 52. Qd7 Qf6 53. Qc8 h5 54. Rh4 Bh6 55. d7 Rd6 
56. Rxh5 Qe7 57. Qxb7 Qxd7 58. Qe4+ Kg8 59. Rxe5 Kg7 60. Rc5 Re6 61. Qa8 Kh7 
62. Rc8 Qd4 63. Qb7 Kg6 64. Bc4 Rf6 65. Qb1+ Kg7 66. Qb8 Rf5 67. Rh8 Kg6 
68. Qg8+ Qg7 69. Bd3 Qxg8 70. Rxg8+ Kf6 71. Bxf5 f3 72. Ra8 Ke5 73. Rxa6 Bf8 
74. Rc6 Kd5 75. Be4+ Kxe4 76. a6 Kd5 77. a7 Kxc6 78. a8=Q+ Kb5 79. Qxf8 f6 
80. h4 f5 81. Qc8 f4 82. h5 fxg2 83. h6 f3 84. h7 Ka4 85. h8=Q Ka3 86. Qcc3+ Ka2 
87. Qb2# 1-0